 Dungeon Crawl Stone Soup version 0.29-a0-789-g7a8fcbc185 (webtiles) character file.

Game seed: 2813621281745960754

1058 porpoise the Spear-Bearer (level 8, -9/67 HPs)
             Began as a Merfolk Fighter on July 3, 2022.
             Was a Follower of Yredelemnul.
             Mangled by an orc warrior
             ... wielding a +0 halberd
              (21 damage)
             ... on level 5 of the Dungeon.
             The game lasted 00:14:44 (4795 turns).

porpoise the Spear-Bearer (Merfolk Fighter)         Turns: 4795, Time: 00:14:44

Health: -9/67      AC:  7    Str: 19    XL:     8   Next: 27%
Magic:  8/8        EV: 10    Int:  7    God:    Yredelemnul [*.....]
Gold:   185        SH:  4    Dex: 13    Spells: 7/7 levels left

rFire   + + +      SeeInvis .   a - +6 hand axe of Bicaikups {vorpal, rElec rF+++ rCorr Stlth-}
rCold   . . .      Faith    .   c - +0 buckler
rNeg    . . .      Spirit   .   r - +1 ring mail {rPois}
rPois   +          Reflect  .   (no helmet)
rElec   +          Harm     .   (no cloak)
rCorr   +          Rampage  .   l - +0 pair of gloves
Will    +....                   (no boots)
Stlth   ..........              (no amulet)
HPRegen 0.21/turn               h - ring of willpower
MPRegen 0.11/turn               (no ring)

@: no status effects
A: (nimble swimmer 2), mertail
a: Renounce Religion, Recall Undead Harvest


You were on level 5 of the Dungeon.
You worshipped Yredelemnul.
Yredelemnul was noncommittal.
You visited 2 branches of the dungeon, and saw 6 of its levels.
You also visited: Ossuary.

You collected 185 gold pieces.

Inventory:

Hand Weapons
 a - the +6 hand axe of Bicaikups (weapon) {vorpal, rElec rF+++ rCorr Stlth-}
   (You found it on level 2 of the Dungeon)

   It inflicts extra damage upon your enemies.
   rF:        It renders you almost immune to fire.
   rElec:     It insulates you from electricity.
   rCorr:     It protects you from acid and corrosion.
   Stlth:     It makes you less stealthy.
 b - a +0 sling
 w - a +0 trident
Missiles
 g - 4 curare-tipped darts (quivered)
 u - 3 poisoned darts
Armour
 c - a +0 buckler (worn)
 l - a +0 pair of gloves (worn)
 r - a +1 ring mail of poison resistance (worn)
 y - an orb of light
Jewellery
 h - a ring of willpower (left hand)
 G - a ring of willpower
Wands
 F - a wand of roots (6)
Scrolls
 n - a scroll of enchant weapon {unknown}
 o - a scroll of immolation {unknown}
 p - a scroll of amnesia {unknown}
 s - a scroll of blinking
 t - 5 scrolls of teleportation
 v - a scroll of noise {unknown}
 C - a scroll of acquirement {unknown}
 D - a scroll of enchant armour {unknown}
 E - a scroll of summoning {unknown}
Potions
 d - 2 potions of might
 e - a potion of curing {unknown}
 f - 3 potions of mutation
 i - 2 potions of heal wounds
 j - a potion of haste {unknown}
 k - 2 potions of flight {unknown}
 m - a potion of brilliance {unknown}
 q - a potion of berserk rage {unknown}
 x - 2 potions of attraction
 z - a potion of experience {unknown}
 A - 2 potions of lignification
 B - a potion of invisibility {unknown}


   Skills:
 - Level 7.0 Fighting
 + Level 9.1 Polearms
 + Level 3.3 Armour
 - Level 3.0 Shields
 + Level 0.3 Invocations


You had 7 spell levels left.
You didn't know any spells.
Your spell library contained the following spells:

 Spells                   Type           Power      Damage    Failure   Level
 Apportation              Tloc           0%         N/A       71%         1
 Necrotize                Necr           0%         1d4       71%         1
 Summon Small Mammal      Summ           0%         N/A       71%         1
 Confusing Touch          Hex            0%         N/A       97%         3
 Yara's Violent Unravell  Hex/Tmut       0%         3d3       100%        5
 Enfeeble                 Hex            0%         N/A       100%        7


Dungeon Overview and Level Annotations

Branches:
Dungeon (5/15)             Temple (1/1) D:4         Ossuary (visited)

Altars:
Ashenzari
Cheibriados
Dithmenos
Elyvilon
Fedhas
Gozag
Hepliaklqana
Kikubaaqudgha
Nemelex Xobeh
Okawaru
Qazlal
Sif Muna
Trog
Uskayaw
Vehumet
Wu Jian
Xom
Yredelemnul
Zin
The Shining One


Innate Abilities, Weirdness & Mutations

((You are very nimble when in or above water. (Stealth+, EV+, Speed+++)))
Your lower body shifts to a powerful aquatic tail in water.


Message History

You are too injured to fight recklessly!
You closely miss the orc warrior.
The orc warrior is moderately wounded.
The orc warrior hits you with a +0 halberd.
You hit the orc warrior but do no damage.
The orc warrior is moderately wounded.
Your orc zombie closely misses the orc warrior.
Your orc zombie barely misses the orc warrior.
The orc warrior hits you with a +0 halberd!
* * * LOW HITPOINT WARNING * * *
You feel much better.
Your orc zombie misses the orc warrior.
Your orc zombie hits the orc warrior but does no damage.
The orc warrior hits you with a +0 halberd!
* * * LOW HITPOINT WARNING * * *
You feel much better.
Your orc wizard zombie hits the orc warrior but does no damage.
Your orc zombie hits the orc warrior but does no damage.
The orc warrior closely misses you.
Your orc zombie closely misses the orc warrior.
You slash the orc warrior!
The orc warrior is severely wounded.
Your orc wizard zombie hits the orc warrior but does no damage.
The orc warrior hits you with a +0 halberd.
Your orc zombie barely misses the orc warrior. x2
You hit the orc warrior.
The orc warrior is almost dead.
The orc warrior hits you with a +0 halberd!!
* * * LOW HITPOINT WARNING * * *
Your orc wizard zombie completely misses the orc warrior.
Your orc zombie hits the orc warrior but does no damage. x2
You hit the orc warrior but do no damage.
The orc warrior is almost dead.
You block the orc warrior's attack.
Your orc wizard zombie misses the orc warrior.
Your orc zombie barely misses the orc warrior. x2
You hit the orc warrior.
The orc warrior is almost dead.
The orc warrior hits you with a +0 halberd!!
You die...
Your body rises from the dead as a mindless zombie.

#..# #..# #..# #..#
# # #..
#.#.####.###########
..........))........
.........###....####
......Z@...#....#
......oZ.#.#....#
.....(.Z.#.#....####
.........#
#..........
.........#
#....#####.
##########
#....##..#.
#.#####....## #.#
#....... #.#
#.......


You could see an orc warrior (ally target), 2 friendly orc zombies and a
friendly orc wizard zombie.

Vanquished Creatures
  Sigmund (D:2)
  2 ogres
  A scorpion (D:4)
  5 water moccasin zombies (Ossuary)
  A howler monkey (D:4)
  A bouda (D:4)
  An orc wizard (D:5)
  2 mummies (Ossuary)
  8 gnolls
  4 adders
  6 adder zombies (Ossuary)
  4 worms
  5 dart slugs
  5 orcs
  7 ball pythons
  6 endoplasms
  7 giant cockroaches
  4 gnoll zombies (Ossuary)
  10 goblins
  8 hobgoblins
  5 jackals (D:4)
  2 quokkas
  4 bats
  7 frilled lizards
  2 hobgoblin zombies (Ossuary)
  4 kobolds
  5 kobold zombies (Ossuary)
  4 orc zombies (Ossuary)
  5 rats
126 creatures vanquished.

Vanquished Creatures (collateral kills)
  An adder (D:4)
  A goblin (D:4)
  A hobgoblin (D:4)
3 creatures vanquished.

Vanquished Creatures (others)
  A dart slug zombie (D:4)
1 creature vanquished.

Grand Total: 130 creatures vanquished

Notes
Turn   | Place    | Note
-------+----------+-------------------------------------------
     0 | D:1      | porpoise the Merfolk Fighter began the quest for the Orb.
     0 | D:1      | Reached XP level 1. HP: 18/18 MP: 1/1
    45 | D:1      | Reached skill level 3 in Polearms
    47 | D:1      | Reached XP level 2. HP: 22/24 MP: 2/2
   350 | D:1      | Reached XP level 3. HP: 30/30 MP: 3/3
   661 | D:1      | Reached skill level 4 in Polearms
   848 | D:1      | Found a faded altar of an unknown god.
  1034 | D:2      | Identified the +6 hand axe of Bicaikups {vorpal, rElec
                  | rF+++ rCorr Stlth-}
  1073 | D:2      | Reached XP level 4. HP: 18/38 MP: 4/4
  1442 | D:2      | Reached skill level 5 in Polearms
  1496 | D:2      | Reached XP level 5. HP: 43/43 MP: 5/5
  1694 | D:2      | Noticed Sigmund
  1707 | D:2      | Killed Sigmund
  1708 | D:2      | Reached skill level 5 in Fighting
  1708 | D:2      | Reached skill level 6 in Polearms
  1708 | D:2      | Reached XP level 6. HP: 41/52 MP: 6/6
  2741 | D:3      | Found a hide-covered altar of Uskayaw.
  2984 | D:4      | Found a sand-covered staircase.
  2999 | Ossuary  | Entered an ossuary
  3023 | Ossuary  | Reached skill level 7 in Polearms
  3023 | Ossuary  | Reached XP level 7. HP: 49/59 MP: 7/7
  3290 | Ossuary  | Reached skill level 8 in Polearms
  3457 | D:4      | Found a glowing silver altar of Zin.
  3491 | D:4      | Found a staircase to the Ecumenical Temple.
  3500 | Temple   | Entered the Ecumenical Temple
  3697 | Temple   | Became a worshipper of Yredelemnul the Dark
  3781 | D:4      | Reached * piety under Yredelemnul
  3817 | D:4      | Found an iron altar of Okawaru.
  3918 | D:4      | Reached XP level 8. HP: 20/67 MP: 8/8
  3939 | D:4      | Reached ** piety under Yredelemnul
  4415 | D:4      | Reached skill level 9 in Polearms
  4435 | D:4      | Reached *** piety under Yredelemnul
  4721 | D:5      | Entered Level 5 of the Dungeon
  4795 | D:5      | Mangled by an orc warrior

Illustrated notes

Levels and vault maps discovered:
D:1:      kennysheep_arrival_forest, layout_basic,
          chequers_ecumenical_altar_lobes, minmay_tromino_v7
D:2:      layout_basic, minmay_misc_feat_x, minmay_misc_feat_hallway,
          uniq_sigmund
D:3:      layout_basic, eat_drink_and_be_merry_uskayaw
D:4:      layout_loops_ring, mainiacjoe_overflow_catch_the_wave,
          minmay_temple_entry_sparse_star, nicolae_ossuary_entry_monument
D:5:      layout_basic, uniq_edmund, uniq_prince_ribbit1, uniq_menkaure,
          uniq_grinder
Temple:   bh_familiar_temple

Skill      XL: |  1  2  3  4  5  6  7  8 |
---------------+-------------------------+-----
Polearms       | 3 4 5 6 7 8 9 |  9.1
Fighting       | 4 5 6 7 |  7.0
Armour         | 3 |  3.3
Shields        | |  3.0
Invocations    | |  0.3

Action                   |  1- 3 |  4- 6 |  7- 9 || total
-------------------------+-------+-------+-------++-------
Melee: Trident           |    89 |       |       ||    89
       Hand axe          |     6 |    91 |   148 ||   245
 Fire: Sling             |       |    19 |       ||    19
Throw: Dart              |       |     5 |       ||     5
  Use: Scroll            |       |     7 |     1 ||     8
       Potion            |       |       |     2 ||     2
Armor: Scale mail        |    29 |    11 |       ||    40
       Ring mail         |       |    20 |    43 ||    63
Dodge: Dodged            |    26 |    32 |    49 ||   107
Block: Buckler           |    15 |    17 |    21 ||    53

Table legend: (Time is in decaauts)
 A = Elapsed time spent in this place.
 B = Non-inter-level travel time spent in this place.
 C = Inter-level travel time spent in this place.
 D = Time resting spent in this place.
 E = Time spent auto-exploring this place.
 F = Levels seen in this place.
 G = Mean time per level.
                   A        B        C        D        E       F      G
               +--------+--------+--------+--------+--------+-----+--------+
         Total |   4860 |   4538 |    322 |   1237 |   2243 |   7 |  694.3 |
       Dungeon |   4170 |   3914 |    256 |   1008 |   2082 |   5 |  834.0 |
        Temple |    226 |    160 |     66 |      0 |    154 |   1 |  226.0 |
       Ossuary |    462 |    462 |      0 |    229 |      7 |   1 |  462.0 |
               +--------+--------+--------+--------+--------+-----+--------+

Top non-repeatable levels by time:
     D:4: 1190 daAuts
     D:1: 1000 daAuts
     D:2: 993 daAuts
     D:3: 910 daAuts
 Ossuary: 462 daAuts
  Temple: 226 daAuts
     D:5: 75 daAuts
